MAA
ELLENBURG FIGHTING DACHSHUNDS @ NORTONVILLE CHEROKEES
08/11/2019
 
TOP OF THE 1ST
Ellenburg Fighting Dachshunds batting - Pitching for Nortonville Cherokees : RHP Rudy Jenkins
Pitching: RHP Rudy Jenkins
Batting: RHB Jesús López 0-0: Called Strike
0-1: Ball
1-1: Swinging Strike
1-2: Ball
2-2: Strikes out looking
Batting: RHB Isaac Downey 0-0: Called Strike
0-1: Bunt for hit - play at first, batter OUT! 1-3
Batting: LHB Ismael Cabrera 0-0: Swinging Strike
0-1: Ball
1-1: Called Strike
1-2: Foul Ball, location: 2F
1-2: Foul Ball, location: 2F
1-2: Foul Ball, location: 2F
1-2: Foul Ball, location: 2F
1-2: Strikes out swinging
Top of the 1st over - 0 run(s), 0 hit(s), 0 error(s), 0 left on base; Ellenburg 0 - Nortonville 0
BOTTOM OF THE 1ST
Nortonville Cherokees batting - Pitching for Ellenburg Fighting Dachshunds : RHP John Shirley
Pitching: RHP John Shirley
Batting: RHB Javier Chávez 0-0: Ball
1-0: Foul Ball, location: 2F
1-1: Fly out, F8 (Flyball, 8LM)
Batting: RHB Paco Vásquez 0-0: Called Strike
0-1: Swinging Strike
0-2: Strikes out swinging
Batting: RHB Roy Childress 0-0: Ball
1-0: Swinging Strike
1-1: Ground out 6-3 (Groundball, 6)
Bottom of the 1st over - 0 run(s), 0 hit(s), 0 error(s), 0 left on base; Ellenburg 0 - Nortonville 0
TOP OF THE 2ND
Ellenburg Fighting Dachshunds batting - Pitching for Nortonville Cherokees : RHP Rudy Jenkins
Batting: RHB Travis Lee 0-0: Ball
1-0: Ball
2-0: Called Strike
2-1: Ground out 6-3 (Groundball, 6)
Batting: RHB Pedro Pérez 0-0: Called Strike
0-1: Swinging Strike
0-2: Strikes out looking
Batting: LHB Ramón Hernández 0-0: Ball
1-0: Ground out 6-3 (Groundball, 6)
Top of the 2nd over - 0 run(s), 0 hit(s), 0 error(s), 0 left on base; Ellenburg 0 - Nortonville 0
BOTTOM OF THE 2ND
Nortonville Cherokees batting - Pitching for Ellenburg Fighting Dachshunds : RHP John Shirley
Batting: LHB Sergio Muńóz 0-0: Swinging Strike
0-1: Called Strike
0-2: Ground out 4-3 (Groundball, 4)
Batting: LHB Sam Good 0-0: Ball
1-0: Foul Ball, location: 2F
1-1: Foul Ball, location: 2F
1-2: Ball
2-2: Strikes out looking
Batting: RHB Chris Oudekirk 0-0: Ball
1-0: Fly out, F4 (Popup, 4M)
Bottom of the 2nd over - 0 run(s), 0 hit(s), 0 error(s), 0 left on base; Ellenburg 0 - Nortonville 0
TOP OF THE 3RD
Ellenburg Fighting Dachshunds batting - Pitching for Nortonville Cherokees : RHP Rudy Jenkins
Batting: RHB Eddie Davis 0-0: Fly out, F7 (Flyball, 78M)
Batting: RHB Cole McKnight 0-0: Ball
1-0: Called Strike
1-1: Called Strike
1-2: Ball
2-2: Strikes out looking
Batting: LHB Alan Hardy 0-0: Foul Ball, location: 2F
0-1: Ball
1-1: Foul Ball, location: 2F
1-2: Ball
2-2: Foul Ball, location: 2F
2-2: Ball
3-2: Base on Balls
Batting: RHB Jesús López 0-0: Called Strike
0-1: Ball
1-1: Called Strike
1-2: Foul Ball, location: 2F
1-2: Strikes out looking
Top of the 3rd over - 0 run(s), 0 hit(s), 0 error(s), 1 left on base; Ellenburg 0 - Nortonville 0
BOTTOM OF THE 3RD
Nortonville Cherokees batting - Pitching for Ellenburg Fighting Dachshunds : RHP John Shirley
Batting: RHB Edén Mont 0-0: Ball
1-0: Swinging Strike
1-1: Ball
2-1: Bunted foul
2-2: Ball
3-2: Base on Balls
Batting: LHB Sean Booth 0-0: Ball
Edén Mont is caught stealing 2nd base
1-0: Ball
2-0: Fly out, F8 (Flyball, 8LM)
Batting: RHB Armando Alvarado 0-0: Foul Ball, location: 2F
0-1: Ball
1-1: Foul Ball, location: 2F
1-2: Strikes out swinging
Bottom of the 3rd over - 0 run(s), 0 hit(s), 0 error(s), 0 left on base; Ellenburg 0 - Nortonville 0
TOP OF THE 4TH
Ellenburg Fighting Dachshunds batting - Pitching for Nortonville Cherokees : RHP Rudy Jenkins
Batting: RHB Isaac Downey 0-0: Swinging Strike
0-1: Called Strike
0-2: Ball
1-2: Strikes out swinging
Batting: LHB Ismael Cabrera 0-0: Foul Ball, location: 2F
0-1: Ball
1-1: Ground out 3-1 (Groundball, 3)
Batting: RHB Travis Lee 0-0: Ball
1-0: Called Strike
1-1: Foul Ball, location: 2F
1-2: Ball
2-2: Strikes out swinging
Top of the 4th over - 0 run(s), 0 hit(s), 0 error(s), 0 left on base; Ellenburg 0 - Nortonville 0
BOTTOM OF THE 4TH
Nortonville Cherokees batting - Pitching for Ellenburg Fighting Dachshunds : RHP John Shirley
Batting: RHB Javier Chávez 0-0: Called Strike
0-1: Ball
1-1: Swinging Strike
1-2: Ball
2-2: Ball
3-2: Foul Ball, location: 2F
3-2: SINGLE (Line Drive, 4D)
Batting: RHB Paco Vásquez 0-0: Ball
1-0: Ball
2-0: Fly out, F6 (Popup, 6M)
Batting: RHB Roy Childress 0-0: Ball
Javier Chávez is caught stealing 2nd base
1-0: Ball
2-0: Called Strike
2-1: Swinging Strike
2-2: Ball
3-2: Ground out 6-3 (Groundball, 6)
Bottom of the 4th over - 0 run(s), 1 hit(s), 0 error(s), 0 left on base; Ellenburg 0 - Nortonville 0
TOP OF THE 5TH
Ellenburg Fighting Dachshunds batting - Pitching for Nortonville Cherokees : RHP Rudy Jenkins
Batting: RHB Pedro Pérez 0-0: Foul Ball, location: 2F
0-1: Ball
1-1: Ball
2-1: Foul Ball, location: 2F
2-2: Foul Ball, location: 2F
2-2: Ball
3-2: Foul Ball, location: 2F
3-2: Ground out 6-3 (Groundball, 6)
Batting: LHB Ramón Hernández 0-0: Ground out 4-3 (Groundball, 4)
Batting: RHB Eddie Davis 0-0: Ball
1-0: Called Strike
1-1: Called Strike
1-2: Ball
2-2: Ball
3-2: Fly out, F8 (Flyball, 8LM)
Top of the 5th over - 0 run(s), 0 hit(s), 0 error(s), 0 left on base; Ellenburg 0 - Nortonville 0
BOTTOM OF THE 5TH
Nortonville Cherokees batting - Pitching for Ellenburg Fighting Dachshunds : RHP John Shirley
Batting: LHB Sergio Muńóz 0-0: Ball
1-0: SINGLE (Groundball, 6MD)
Batting: LHB Sam Good 0-0: Ball
1-0: Fly out, F4 (Popup, 34)
Batting: RHB Chris Oudekirk 0-0: Ball
1-0: Ball
Wild Pitch!
Sergio Muńóz to second
2-0: Intentional Walk
Batting: RHB Edén Mont 0-0: Ball
1-0: Fly out, F9 (Flyball, 9M)
Batting: LHB Sean Booth 0-0: Ball
1-0: Called Strike
1-1: Foul Ball, location: 2F
1-2: Strikes out looking
Bottom of the 5th over - 0 run(s), 1 hit(s), 0 error(s), 2 left on base; Ellenburg 0 - Nortonville 0
TOP OF THE 6TH
Ellenburg Fighting Dachshunds batting - Pitching for Nortonville Cherokees : RHP Rudy Jenkins
Batting: RHB Cole McKnight 0-0: Ball
1-0: Ground out 4-3 (Groundball, 4S)
Batting: LHB Alan Hardy 0-0: Ball
1-0: Ball
2-0: Ground out 4-3 (Groundball, 4)
Batting: RHB Jesús López 0-0: Ball
1-0: Foul Ball, location: 2F
1-1: Swinging Strike
1-2: Foul Ball, location: 2F
1-2: Ball
2-2: SINGLE (Line Drive, 6MD)
Batting: RHB Isaac Downey 0-0: Ball
1-0: Ball
Jesús López steals 2nd base
2-0: SINGLE (Line Drive, 3)
Jesús López to third
Runner from 3rd tries for Home, SAFE, no throw or cutoff
Batting: LHB Ismael Cabrera 0-0: DOUBLE (Line Drive, 3L)
Isaac Downey to third
Runner from 3rd tries for Home, SAFE, no throw or cutoff
Batting: RHB Travis Lee 0-0: Ball
1-0: Ball
2-0: Ball
3-0: Called Strike
3-1: Foul Ball, location: 2F
3-2: SINGLE (Groundball, 25) (infield hit)
Ismael Cabrera to third
Batting: RHB Pedro Pérez 0-0: Ball
1-0: Called Strike
1-1: Ball
2-1: Swinging Strike
2-2: Ball
3-2: Foul Ball, location: 2F
3-2: Strikes out swinging
Top of the 6th over - 2 run(s), 4 hit(s), 0 error(s), 2 left on base; Ellenburg 2 - Nortonville 0
BOTTOM OF THE 6TH
Nortonville Cherokees batting - Pitching for Ellenburg Fighting Dachshunds : RHP John Shirley
Batting: RHB Armando Alvarado 0-0: Ball
1-0: Ball
2-0: Called Strike
2-1: Swinging Strike
2-2: Fly out, F7 (Flyball, 7S)
Batting: RHB Javier Chávez 0-0: Fly out, F8 (Flyball, 89M)
Batting: RHB Paco Vásquez 0-0: Ball
1-0: Called Strike
1-1: Ground out 6-3 (Groundball, 6M)
Bottom of the 6th over - 0 run(s), 0 hit(s), 0 error(s), 0 left on base; Ellenburg 2 - Nortonville 0
TOP OF THE 7TH
Ellenburg Fighting Dachshunds batting - Pitching for Nortonville Cherokees : RHP Rudy Jenkins
Batting: LHB Ramón Hernández 0-0: Ball
1-0: Foul Ball, location: 2F
1-1: Foul Ball, location: 2F
1-2: Strikes out swinging
Batting: RHB Eddie Davis 0-0: Ball
1-0: Foul Ball, location: 2F
1-1: Called Strike
1-2: Strikes out swinging
Batting: RHB Cole McKnight 0-0: Foul Ball, location: 2F
0-1: Ball
1-1: Ground out 6-3 (Groundball, 6)
Top of the 7th over - 0 run(s), 0 hit(s), 0 error(s), 0 left on base; Ellenburg 2 - Nortonville 0
BOTTOM OF THE 7TH
Nortonville Cherokees batting - Pitching for Ellenburg Fighting Dachshunds : RHP John Shirley
Batting: RHB Roy Childress 0-0: Ground out 5-3 (Groundball, 5L)
Now at 3B: Manuel Herrera
Batting: LHB Sergio Muńóz 0-0: TRIPLE (Flyball, 8LM)
Batting: LHB Sam Good 0-0: Ball
1-0: Foul Ball, location: 2F
1-1: Fly out, F6 (Popup, 6D)
Batting: RHB Chris Oudekirk 0-0: Ball
1-0: Ball
2-0: Ball
3-0: Base on Balls
Batting: RHB Edén Mont 0-0: Fly out, F9 (Flyball, 89S)
Bottom of the 7th over - 0 run(s), 1 hit(s), 0 error(s), 2 left on base; Ellenburg 2 - Nortonville 0
TOP OF THE 8TH
Ellenburg Fighting Dachshunds batting - Pitching for Nortonville Cherokees : RHP Rudy Jenkins
Pitching: RHP Carlos Valentín
Batting: LHB Alan Hardy 0-0: Ball
1-0: Called Strike
1-1: SINGLE (Line Drive, 89S)
Batting: RHB Jesús López 0-0: Swinging Strike
0-1: Ball
1-1: Ball
2-1: SINGLE (Flyball, 3D)
Alan Hardy to second
Runner from 2nd tries for 3rd, SAFE, throw made to third
Pinch Hitting: LHB Joe McElroy 0-0: Ball
Wild Pitch!
Alan Hardy scores
Jesús López to second
1-0: Swinging Strike
1-1: Ground out U3 (Groundball, 3)
Jesús López to third
Batting: LHB Ismael Cabrera 0-0: Intentional Walk
Batting: RHB Travis Lee 0-0: Ball
Ismael Cabrera steals 2nd base
1-0: Intentional Walk
Batting: RHB Pedro Pérez 0-0: Called Strike
0-1: Ball
1-1: Called Strike
1-2: Ball
2-2: Strikes out swinging
Batting: LHB Ramón Hernández 0-0: Ball
1-0: Called Strike
1-1: Ball
2-1: Ball
3-1: Base on Balls
Jesús López scores
Ismael Cabrera to third
Travis Lee to second
Pitching: RHP Roberto Cabrera
Batting: RHB Eddie Davis 0-0: Ball
1-0: Ball
2-0: Ball
3-0: Base on Balls
Ismael Cabrera scores
Travis Lee to third
Ramón Hernández to second
Batting: RHB Cole McKnight 0-0: Ground out 4-3 (Groundball, 4)
Top of the 8th over - 3 run(s), 2 hit(s), 0 error(s), 3 left on base; Ellenburg 5 - Nortonville 0
BOTTOM OF THE 8TH
Nortonville Cherokees batting - Pitching for Ellenburg Fighting Dachshunds : RHP John Shirley
Now in LF: Joe McElroy
Batting: LHB Sean Booth 0-0: Fly out, F6 (Popup, 78S)
Batting: RHB Armando Alvarado 0-0: Foul Ball, location: 2F
0-1: Foul Ball, location: 2F
0-2: Ground out 2-3 (Groundball, 25)
Batting: RHB Javier Chávez 0-0: Called Strike
0-1: Bunt for hit - play at first, batter safe!
Batting: RHB Paco Vásquez 0-0: Ball
1-0: Called Strike
1-1: Ground out 6-3 (Groundball, 6)
Bottom of the 8th over - 0 run(s), 1 hit(s), 0 error(s), 1 left on base; Ellenburg 5 - Nortonville 0
TOP OF THE 9TH
Ellenburg Fighting Dachshunds batting - Pitching for Nortonville Cherokees : RHP Roberto Cabrera
Batting: LHB Alan Hardy 0-0: Ball
1-0: Ball
2-0: Ball
3-0: Called Strike
3-1: SINGLE (Groundball, 34D)
Batting: RHB Jesús López 0-0: Swinging Strike
0-1: SINGLE (Groundball, 56D)
Alan Hardy to second
Batting: LHB Joe McElroy 0-0: Ball
1-0: Reached on error, E4 (Groundball, 4)
Alan Hardy to third
Jesús López to second
Batting: LHB Ismael Cabrera 0-0: Called Strike
0-1: Ball
1-1: Called Strike
1-2: Strikes out swinging
Batting: RHB Travis Lee 0-0: Ball
1-0: Ball
2-0: Swinging Strike
2-1: Ball
3-1: Called Strike
3-2: Foul Ball, location: 2F
3-2: Strikes out looking
Batting: RHB Pedro Pérez 0-0: Ball
1-0: Hit by Pitch
Alan Hardy scores
Jesús López to third
Joe McElroy to second
Batting: LHB Ramón Hernández 0-0: Ball
1-0: Ball
2-0: Ball
3-0: Base on Balls
Jesús López scores
Joe McElroy to third
Pedro Pérez to second
Batting: RHB Eddie Davis 0-0: Hit by Pitch
Joe McElroy scores
Pedro Pérez to third
Ramón Hernández to second
Batting: RHB Cole McKnight 0-0: Swinging Strike
0-1: Ball
1-1: Called Strike
1-2: SINGLE (Line Drive, 7S)
Pedro Pérez scores
Ramón Hernández to third
Eddie Davis to second
Runner from 3rd tries for Home, SAFE, no throw or cutoff
Pitching: LHP Melvin Henry
Batting: LHB Alan Hardy 0-0: Called Strike
0-1: Ball
1-1: Foul Ball, location: 2F
1-2: Reached on error, E1 (Groundball, 15)
Eddie Davis scores
Cole McKnight to third
Batting: RHB Jesús López 0-0: Ball
1-0: Ball
2-0: Called Strike
2-1: Ball
3-1: Foul Ball, location: 2F
3-2: Strikes out looking
Top of the 9th over - 6 run(s), 3 hit(s), 2 error(s), 2 left on base; Ellenburg 11 - Nortonville 0
BOTTOM OF THE 9TH
Nortonville Cherokees batting - Pitching for Ellenburg Fighting Dachshunds : RHP John Shirley
Batting: RHB Roy Childress 0-0: Swinging Strike
0-1: Foul Ball, location: 2F
0-2: Ball
1-2: Strikes out swinging
Batting: LHB Sergio Muńóz 0-0: Ground out 6-3 (Groundball, 6MS)
Batting: LHB Sam Good 0-0: Called Strike
0-1: Fly out, F7 (Flyball, 7M)
Bottom of the 9th over - 0 run(s), 0 hit(s), 0 error(s), 0 left on base; Ellenburg 11 - Nortonville 0
This league is powered by Out of the Park Baseball, the baseball management simulation game for PC, Mac and Linux
Saturday, July 25th, 2015 - OOTP Baseball 15.6 Build 34